[ AOE2 MATCH · #505624485 ]
UnrankedChinese vs Koreans
Player's team · LOSS
Rival team · WIN
[ REPLAY ANALYSIS · EXTRACTED FROM THE RECORDED GAME ]
Feudal
9:08
Castle
28:09
Imperial
—
| APM avg | 83.1 |
| APM peak | 151 |
| eAPM avg | 45.2 |
| Villagers / military | 108 / 41 |
Focus
⚔️ 54.5% · 🌾 45.5%
Chu Ko Nu ×12 · Archer ×7 · Skirmisher ×7 · Scout Cavalry ×6 · Battering Ram ×3 · Knight ×2
Feudal
8:51
Castle
26:44
Imperial
—
| APM avg | 71.6 |
| APM peak | 96 |
| eAPM avg | 36.0 |
| Villagers / military | 195 / 96 |
Focus
⚔️ 44.2% · 🌾 55.8%
Skirmisher ×43 · Fire Lancer ×22 · Cavalry Archer ×12 · Spearman ×10 · Monk ×4 · Iron Pagoda ×3
Match map
Initial resources + every placement click. Lines = walls · curves = elevation contours. ◆ gold · ⬟ stone · ● berries · ✦ relic · ◌ wall gap
Your base· Open — unwalled flank
Oni.Lewis's base· Open — unwalled flank
Smoothed initial terrain · ◌ = detected wall gap · hover for details
Inputs per minute
— Oni.TheViper - - Oni.Lewis
Build order — Oni.TheViper
First 150 of 274 actions detected
| 0:00 | Research | Loom |
| 0:38 | Create | Villager (Male) |
| 0:38 | Create | Villager (Male) |
| 1:04 | Create | Villager (Male) |
| 1:28 | Create | Villager (Male) |
| 1:47 | Build | Lumber Camp |
| 1:56 | Create | Villager (Male) |
| 2:17 | Create | Villager (Male) |
| 2:34 | Create | Villager (Male) |
| 2:53 | Build | House |
| 3:05 | Create | Villager (Male) |
| 3:32 | Create | Villager (Male) |
| 3:39 | Build | House |
| 3:45 | Create | Villager (Male) |
| 3:55 | Create | Villager (Male) |
| 4:14 | Build | House |
| 4:19 | Build | Mill |
| 4:53 | Create | Villager (Male) |
| 4:53 | Create | Villager (Male) |
| 4:54 | Create | Villager (Male) |
| 5:04 | Create | Villager (Male) |
| 6:00 | Create | Villager (Male) |
| 6:33 | Create | Villager (Male) |
| 6:58 | Research | Feudal Age |
| 7:10 | Build | Lumber Camp |
| 7:54 | Build | Barracks |
| 8:11 | Create | Villager (Male) |
| 8:54 | Create | Villager (Male) |
| 9:05 | Create | Villager (Male) |
| 9:08 | Age | Feudal Age |
| 9:11 | Build | Stable |
| 9:14 | Research | Double-Bit Axe |
| 9:16 | Create | Villager (Male) |
| 9:34 | Create | Villager (Male) |
| 9:38 | Create | Villager (Male) |
| 9:42 | Build | Watch Tower |
| 9:48 | Build | Mining Camp |
| 9:52 | Create | Scout Cavalry |
| 9:56 | Create | Scout Cavalry |
| 9:58 | Create | Villager (Male) |
| 10:03 | Build | House |
| 10:19 | Build | Farm |
| 10:19 | Build | Farm |
| 10:20 | Create | Villager (Male) |
| 10:42 | Create | Scout Cavalry |
| 10:59 | Build | Farm |
| 11:03 | Build | House |
| 11:07 | Create | Villager (Male) |
| 11:28 | Create | Villager (Male) |
| 11:32 | Create | Villager (Male) |
| 11:55 | Build | Farm |
| 11:56 | Build | Farm |
| 11:59 | Build | Farm |
| 12:03 | Create | Villager (Male) |
| 12:08 | Build | Watch Tower |
| 12:28 | Create | Villager (Male) |
| 12:44 | Build | Palisade Gate |
| 12:53 | Build | Farm |
| 12:53 | Build | Farm |
| 12:54 | Create | Villager (Male) |
| 13:10 | Create | Villager (Male) |
| 13:19 | Build | Archery Range |
| 13:24 | Create | Villager (Male) |
| 13:47 | Create | Villager (Male) |
| 13:57 | Build | Farm |
| 13:59 | Create | Villager (Male) |
| 14:05 | Build | Farm |
| 14:17 | Create | Scout Cavalry |
| 14:22 | Create | Skirmisher |
| 14:26 | Create | Villager (Male) |
| 14:35 | Build | House |
| 14:36 | Build | House |
| 14:45 | Build | Farm |
| 14:52 | Create | Scout Cavalry |
| 14:57 | Create | Skirmisher |
| 15:04 | Research | Town Watch |
| 15:08 | Build | Farm |
| 15:16 | Build | Farm |
| 15:16 | Create | Villager (Male) |
| 15:25 | Create | Skirmisher |
| 15:29 | Create | Villager (Male) |
| 15:41 | Create | Villager (Male) |
| 15:53 | Create | Scout Cavalry |
| 16:01 | Create | Villager (Male) |
| 16:07 | Create | Villager (Male) |
| 16:11 | Build | Blacksmith |
| 16:15 | Create | Skirmisher |
| 16:28 | Create | Skirmisher |
| 16:32 | Create | Villager (Male) |
| 16:40 | Create | Villager (Male) |
| 16:47 | Create | Villager (Male) |
| 16:52 | Create | Villager (Male) |
| 16:53 | Build | Mining Camp |
| 16:58 | Research | Fletching |
| 17:06 | Create | Villager (Male) |
| 17:11 | Build | Watch Tower |
| 17:18 | Create | Skirmisher |
| 17:23 | Build | House |
| 17:29 | Create | Villager (Male) |
| 17:30 | Build | House |
| 17:34 | Create | Villager (Male) |
| 17:47 | Build | House |
| 17:51 | Build | House |
| 17:51 | Build | House |
| 18:00 | Create | Villager (Male) |
| 18:02 | Create | Villager (Male) |
| 18:06 | Create | Villager (Male) |
| 18:17 | Create | Villager (Male) |
| 18:42 | Create | Villager (Male) |
| 19:01 | Create | Villager (Male) |
| 19:18 | Create | Skirmisher |
| 19:38 | Create | Archer |
| 19:48 | Create | Villager (Male) |
| 19:58 | Create | Villager (Male) |
| 20:09 | Create | Archer |
| 20:11 | Build | Farm |
| 20:13 | Build | Farm |
| 20:16 | Build | Farm |
| 20:16 | Build | Farm |
| 20:37 | Build | Farm |
| 20:45 | Create | Archer |
| 20:46 | Create | Villager (Male) |
| 21:03 | Create | Villager (Male) |
| 21:05 | Build | Farm |
| 21:10 | Create | Archer |
| 21:10 | Create | Villager (Male) |
| 21:13 | Build | House |
| 21:15 | Build | House |
| 21:24 | Create | Villager (Male) |
| 21:43 | Build | Farm |
| 21:44 | Build | Mill |
| 21:47 | Build | Mill |
| 21:48 | Create | Villager (Male) |
| 21:56 | Create | Villager (Male) |
| 22:01 | Create | Archer |
| 22:27 | Create | Villager (Male) |
| 22:30 | Build | Farm |
| 22:30 | Build | Farm |
| 22:31 | Build | Farm |
| 22:31 | Build | Farm |
| 22:35 | Build | House |
| 22:44 | Create | Archer |
| 23:01 | Create | Villager (Male) |
| 23:02 | Build | Farm |
| 23:19 | Build | Watch Tower |
| 24:10 | Create | Villager (Male) |
| 24:13 | Build | Market |
| 24:24 | Create | Archer |
| 24:41 | Build | Watch Tower |
| 24:42 | Build | Watch Tower |
Build order — Oni.Lewis
First 150 of 457 actions detected
| 0:00 | Create | Villager (Male) |
| 0:00 | Create | Villager (Male) |
| 0:01 | Build | House |
| 0:02 | Build | House |
| 0:08 | Create | Villager (Male) |
| 0:11 | Create | Villager (Male) |
| 1:12 | Create | Villager (Male) |
| 1:35 | Create | Villager (Male) |
| 2:07 | Create | Villager (Male) |
| 2:51 | Create | Villager (Male) |
| 2:57 | Build | Lumber Camp |
| 3:17 | Create | Villager (Male) |
| 3:19 | Create | Villager (Male) |
| 3:23 | Create | Villager (Male) |
| 3:43 | Build | House |
| 3:46 | Build | House |
| 4:00 | Create | Villager (Male) |
| 4:04 | Build | House |
| 4:07 | Create | Villager (Male) |
| 4:09 | Build | House |
| 4:32 | Create | Villager (Male) |
| 5:10 | Create | Villager (Male) |
| 5:22 | Build | Mill |
| 5:53 | Research | Loom |
| 6:09 | Research | Feudal Age |
| 6:55 | Create | Villager (Male) |
| 7:21 | Build | House |
| 7:23 | Create | Villager (Male) |
| 7:39 | Create | Villager (Male) |
| 8:01 | Build | Barracks |
| 8:05 | Create | Villager (Male) |
| 8:14 | Create | Villager (Male) |
| 8:45 | Build | House |
| 8:51 | Age | Feudal Age |
| 8:51 | Build | Archery Range |
| 8:54 | Research | Double-Bit Axe |
| 9:07 | Create | Spearman |
| 9:08 | Create | Villager (Male) |
| 9:15 | Create | Spearman |
| 9:18 | Create | Spearman |
| 9:23 | Build | Watch Tower |
| 9:24 | Create | Skirmisher |
| 9:37 | Create | Skirmisher |
| 9:40 | Create | Skirmisher |
| 9:50 | Build | House |
| 10:05 | Create | Villager (Male) |
| 10:18 | Create | Skirmisher |
| 10:31 | Build | House |
| 10:39 | Build | Farm |
| 10:41 | Create | Villager (Male) |
| 10:50 | Create | Skirmisher |
| 10:58 | Build | Mining Camp |
| 11:17 | Build | Palisade Wall |
| 11:35 | Build | Farm |
| 11:36 | Build | Farm |
| 11:52 | Create | Villager (Male) |
| 11:55 | Build | Farm |
| 11:56 | Build | Farm |
| 12:26 | Create | Spearman |
| 12:28 | Create | Skirmisher |
| 12:32 | Build | Palisade Wall |
| 12:33 | Build | Palisade Wall |
| 12:33 | Build | Palisade Wall |
| 12:34 | Build | Palisade Wall |
| 12:46 | Create | Villager (Male) |
| 12:52 | Build | Watch Tower |
| 13:05 | Build | Palisade Wall |
| 13:06 | Build | Palisade Wall |
| 13:15 | Create | Villager (Male) |
| 13:31 | Create | Villager (Male) |
| 13:36 | Build | Watch Tower |
| 13:44 | Build | Farm |
| 13:46 | Build | House |
| 13:50 | Create | Spearman |
| 13:54 | Build | Palisade Wall |
| 13:54 | Build | Palisade Wall |
| 14:04 | Build | Palisade Wall |
| 14:06 | Build | Farm |
| 14:08 | Create | Villager (Male) |
| 14:29 | Create | Skirmisher |
| 14:31 | Build | Farm |
| 14:32 | Create | Villager (Male) |
| 14:54 | Create | Villager (Male) |
| 14:59 | Create | Skirmisher |
| 15:04 | Build | House |
| 15:08 | Build | House |
| 15:09 | Build | House |
| 15:09 | Build | Palisade Wall |
| 15:17 | Create | Villager (Male) |
| 15:25 | Create | Villager (Male) |
| 15:28 | Build | Watch Tower |
| 15:31 | Create | Skirmisher |
| 15:38 | Build | Watch Tower |
| 15:54 | Create | Villager (Male) |
| 16:00 | Create | Villager (Male) |
| 16:09 | Create | Villager (Male) |
| 16:11 | Build | Watch Tower |
| 16:23 | Create | Spearman |
| 16:33 | Create | Villager (Male) |
| 16:42 | Create | Villager (Male) |
| 16:54 | Build | Blacksmith |
| 17:05 | Create | Villager (Male) |
| 17:09 | Create | Skirmisher |
| 17:11 | Create | Villager (Male) |
| 17:15 | Create | Villager (Male) |
| 17:21 | Create | Villager (Male) |
| 17:25 | Create | Villager (Male) |
| 17:26 | Build | Farm |
| 17:27 | Create | Villager (Male) |
| 17:33 | Create | Villager (Male) |
| 17:37 | Create | Villager (Male) |
| 17:38 | Create | Villager (Male) |
| 17:44 | Research | Fletching |
| 17:46 | Create | Villager (Male) |
| 17:47 | Build | Farm |
| 17:50 | Create | Villager (Male) |
| 17:51 | Build | Palisade Wall |
| 17:52 | Build | House |
| 17:52 | Build | House |
| 17:54 | Build | House |
| 18:06 | Create | Villager (Male) |
| 18:17 | Build | Watch Tower |
| 18:20 | Create | Villager (Male) |
| 18:22 | Create | Villager (Male) |
| 18:23 | Build | Farm |
| 18:36 | Create | Spearman |
| 18:38 | Build | House |
| 18:39 | Build | House |
| 18:40 | Build | Palisade Wall |
| 18:46 | Create | Spearman |
| 18:48 | Build | Palisade Wall |
| 18:49 | Create | Villager (Male) |
| 19:00 | Create | Spearman |
| 19:20 | Create | Villager (Male) |
| 19:27 | Create | Spearman |
| 19:43 | Build | Watch Tower |
| 19:45 | Create | Villager (Male) |
| 19:45 | Create | Villager (Male) |
| 19:45 | Build | Farm |
| 19:46 | Build | Farm |
| 19:49 | Create | Villager (Male) |
| 20:03 | Create | Villager (Male) |
| 20:05 | Create | Skirmisher |
| 20:11 | Create | Villager (Male) |
| 20:18 | Build | House |
| 20:21 | Build | Farm |
| 20:21 | Build | Farm |
| 20:22 | Create | Villager (Male) |
| 20:31 | Research | Horse Collar |
| 20:34 | Create | Villager (Male) |
Match timeline
| 7:54 | Oni.TheViper · first_building Barracks |
| 8:01 | Oni.Lewis · first_building Barracks |
| 8:51 | Oni.Lewis · age_up feudal |
| 8:51 | Oni.Lewis · first_building Archery Range |
| 9:08 | Oni.TheViper · age_up feudal |
| 9:11 | Oni.TheViper · first_building Stable |
| 11:17 | Oni.Lewis · wall_segment Palisade Wall x1 |
| 12:32 | Oni.Lewis · wall_segment Palisade Wall x1 |
| 12:33 | Oni.Lewis · wall_segment Palisade Wall x1 |
| 12:33 | Oni.Lewis · wall_segment Palisade Wall x1 |
| 12:34 | Oni.Lewis · wall_segment Palisade Wall x1 |
| 13:05 | Oni.Lewis · wall_segment Palisade Wall x1 |
| 13:06 | Oni.Lewis · wall_segment Palisade Wall x1 |
| 13:19 | Oni.TheViper · first_building Archery Range |
| 13:54 | Oni.Lewis · wall_segment Palisade Wall x1 |
| 13:54 | Oni.Lewis · wall_segment Palisade Wall x1 |
| 14:04 | Oni.Lewis · wall_segment Palisade Wall x1 |
| 15:09 | Oni.Lewis · wall_segment Palisade Wall x1 |
| 17:51 | Oni.Lewis · wall_segment Palisade Wall x1 |
| 18:40 | Oni.Lewis · wall_segment Palisade Wall x1 |
| 18:48 | Oni.Lewis · wall_segment Palisade Wall x1 |
| 24:45 | Oni.TheViper · first_market_buy 100 food |
| 24:46 | Oni.TheViper · first_market_sell 100 wood |
| 26:44 | Oni.Lewis · age_up castle |
| 26:57 | Oni.Lewis · first_building Siege Workshop |
| 28:09 | Oni.TheViper · age_up castle |
| 28:11 | Oni.TheViper · first_building Castle |
| 28:19 | Oni.TheViper · first_building Siege Workshop |
| 28:31 | Oni.TheViper · wall_segment Stone Wall x1 |
| 31:07 | Oni.Lewis · first_building Monastery |
| 39:14 | Oni.Lewis · first_market_sell 500 wood |
| 39:23 | Oni.Lewis · first_market_buy 100 wood |
| 39:24 | Oni.TheViper · resign |
[ AI ANALYSIS · 1 CREDIT ]
What really happened in this match?
Wolo.gg analyzes every decision: build order, eco, micro, common mistakes by bracket. Personalized analysis on WhatsApp or Discord in 30 seconds.
Civ guide
Chinese
Perfil
Jugador #196240